 Dungeon Crawl Stone Soup version 0.31-a0-232-gb1c03b2570 (webtiles) character file.

Game seed: 15427869743907450167

69 qw the Shooter (level 4, -2/26 HPs)
             Began as a Gargoyle Hexslinger on July 7, 2023.
             Slain by an orc priest
             ... wielding a +0 falchion
              (5 damage)
             ... on level 3 of the Dungeon.
             The game lasted 00:00:40 (1499 turns).

qw the Shooter (Gargoyle Hexslinger)                Turns: 1499, Time: 00:00:41

Health: -2/26      AC:  7    Str: 11    XL:     4   Next: 20%
Magic:  5/5        EV: 11    Int: 14    God:
Gold:   87         SH:  0    Dex: 14    Spells: 4/5 levels left

rFire   . . .        Y - +1 sling
rCold   . . .        (no shield)
rNeg    + . .        f - +0 leather armour
rPois   inf          (no helmet)
rElec   +            (no cloak)
rCorr   +            d - +0 pair of gloves
SInv    .            (no boots)
Will    .....        (no amulet)
Stlth   +            e - ring of resist corrosion
HPRegen 0.24/turn    (no ring)
MPRegen 0.09/turn

%: no passive effects
@: no status effects
A: sickness immunity, AC +3, negative energy resistance 1, electricity
resistance, torment resistance 1, petrification resistance
a: no special abilities


You were on level 3 of the Dungeon.
You visited 1 branch of the dungeon, and saw 3 of its levels.

You collected 87 gold pieces.


Innate Abilities, Weirdness & Mutations

You are immune to sickness and miasma.
Your stone body is resilient. (AC +3)
You are immune to poison.
You resist negative energy. (rN+)
You are resistant to electric shocks. (rElec)
You are resistant to unholy torment.
You are immune to petrification.


   Skills:
 - Level 2.0 Fighting
 + Level 4.0 Ranged Weapons
 - Level 1.5 Dodging
 - Level 1.0 Spellcasting
 - Level 2.6 Hexes


You had 4 spell levels left.
You knew the following spells:

 Your Spells              Type           Power      Damage    Failure   Level
a - Slow                  Hex            32%        N/A       12%         1

Your spell library contained the following spells:

 Spells                   Type           Power      Damage    Failure   Level
 Inner Flame              Hex/Fire       4%         N/A       52%         3
 Portal Projectile        Hex/Tloc       8%         N/A       52%         3
 Cause Fear               Hex            4%         N/A       75%         4

Inventory:

Hand Weapons
 Y - a +1 sling (weapon)
Armour
 d - a +0 pair of gloves (worn)
 f - a +0 leather armour (worn)
Jewellery
 e - a ring of resist corrosion (left hand)
Scrolls
 h - 2 scrolls of identify
Potions
 i - a potion of enlightenment

Dungeon Overview and Level Annotations

Branches:
Dungeon (3/15)

Altars:
Yredelemnul

Shops:
D:1 (


Message History

You shoot a sling bullet.
The sling bullet closely misses the orc.
You shoot a sling bullet.
The sling bullet closely misses the orc.
The orc hits you with a +0 falchion. The orc hits you but does no damage.
You shoot a sling bullet. The sling bullet hits the orc.
You kill the orc!
You start resting.
HP restored.
Found 4 stones.
There is an open door, spattered with blood here.
Items here: %% ( ))).
You see here a +0 dagger.
You now have 81 gold pieces (gained 14).
You now have 87 gold pieces (gained 6).
An orc priest comes into view. It is wielding a +0 falchion.
The orc priest shouts!
You shoot a sling bullet.
The sling bullet hits the orc priest but does no damage.
You shoot a sling bullet.
The sling bullet closely misses the orc priest.
The orc priest miscasts a cantrip.
You shoot a sling bullet.
The sling bullet hits the orc priest but does no damage.
The orc priest invokes the aid of Beogh against you.
Beogh smites you!
You shoot a sling bullet.
The sling bullet barely misses the orc priest.
You shoot a sling bullet. The sling bullet hits the orc priest.
The orc priest is moderately wounded.
You shoot a sling bullet.
The sling bullet hits the orc priest but does no damage.
The orc priest is moderately wounded.
You shoot a sling bullet. The sling bullet hits the orc priest.
The orc priest is severely wounded.
The orc priest invokes the aid of Beogh against you.
Beogh smites you!
Ouch! That really hurt!
The orc priest hits you with a +0 falchion.
You die...

#.. #!# #.# #.#
#.# #.#
.######o#
.......@######
####.........#
.............#
###..(.......#
#..........#
##.........#
#.........#
#.........#
#####.........#


You could see an orc priest.

Vanquished Creatures
  An adder (D:3)
  A dart slug (D:1)
  3 orcs (D:3)
  10 endoplasms
  3 giant cockroaches (D:1)
  8 goblins
  2 hobgoblins (D:1)
  4 jackals (D:3)
  4 kobolds
  6 bats (D:1)
  3 frilled lizards
  4 rats
49 creatures vanquished.

Notes
Turn   | Place    | Note
-------+----------+-------------------------------------------
     0 | D:1      | qw the Gargoyle Hexslinger began the quest for the Orb.
     0 | D:1      | Reached XP level 1. HP: 12/12 MP: 2/2
     0 | D:1      | 0 ||| qw: Version: 0.3-a-46-gb1f654a
     0 | D:1      | 0 ||| qw: Game counter: 2204
     0 | D:1      | 0 ||| qw: Melee chars always use a shield: true
     0 | D:1      | 0 ||| qw: God list: Okawaru
     0 | D:1      | 0 ||| qw: Allow faded altars: false
     0 | D:1      | 0 ||| qw: Do Orc after clearing Dungeon:15 true
     0 | D:1      | 0 ||| qw: Do second Lair branch before Depths: true
     0 | D:1      | 0 ||| qw: Lair rune preference: random
     0 | D:1      | 0 ||| qw: Goals: Normal
     0 | D:1      | 0 ||| PLANNING D:1-11
    46 | D:1      | Reached XP level 2. HP: 16/16 MP: 3/3
    78 | D:1      | You fall into a shaft and drop 1 floor!
    86 | D:2      | 86 ||| READING scroll labelled SODUIG DIREAN.
   187 | D:2      | 187 ||| DROPPING scroll of poison.
   234 | D:1      | Reached skill level 3 in Ranged Weapons
   384 | D:1      | Reached XP level 3. HP: 21/21 MP: 4/4
   392 | D:1      | Found Iloafoug's Weapon Emporium.
   401 | D:1      | 401 ||| SHOPLISTING +0 arbalest (54 gold, have 16).
   420 | D:1      | Found a faded altar of an unknown god.
   610 | D:1      | 610 ||| UPGRADING to +0 pair of gloves.
   615 | D:1      | 615 ||| UPGRADING to +0 leather armour.
   625 | D:1      | 625 ||| DROPPING +0 robe.
   626 | D:1      | 626 ||| UPGRADING to ring of resist corrosion.
   627 | D:1      | 627 ||| READING scroll labelled WAUBUNE YZIGI.
   628 | D:1      | 628 ||| READING scroll labelled LASISHETOZ.
   629 | D:1      | 629 ||| READING 3 scrolls labelled OCORININKU.
   630 | D:1      | 630 ||| READING scroll labelled ASCHAI YSKA.
   631 | D:1      | 631 ||| DRINKING 2 glowing puce potions.
   667 | D:1      | 667 ||| DRINKING 2 murky dark potions.
   668 | D:1      | 668 ||| DROPPING potion of lignification.
   990 | D:2      | Identified the +5 dagger of Kedaroos {antimagic, rElec rN+}
  1347 | D:2      | 1347 ||| DROPPING amulet of magic regeneration.
  1348 | D:2      | 1348 ||| READING scroll labelled PAGOIB GICEINE.
  1349 | D:2      | 1349 ||| READING scroll labelled GOUWNU CEOHI.
  1350 | D:2      | 1350 ||| READING 3 scrolls of identify.
  1350 | D:2      | 1350 ||| IDENTIFYING inky potion
  1351 | D:2      | 1351 ||| DROPPING potion of invisibility.
  1389 | D:3      | Found a basalt altar of Yredelemnul.
  1439 | D:3      | Reached XP level 4. HP: 20/26 MP: 5/5
  1443 | D:3      | Reached skill level 4 in Ranged Weapons
  1499 | D:3      | HP: 3/26 [orc priest/divine providence (13)]
  1499 | D:3      | Slain by an orc priest

Levels and vault maps discovered:
D:1:      lemuel_arrival_muddy, layout_rooms, serial_shops,
          nicolae_shop_bloodbath_and_beyond, chequers_ecumenical_altar_island,
          minmay_pentomino_t4
D:2:      layout_basic
D:3:      layout_basic, mainiacjoe_overflow_six_doors_small,
          mainiacjoe_overflow_alcove_4, mainiacjoe_overflow_surrounded_room,
          kennysheep_nub, uniq_grinder

Skill      XL: |  1  2  3  4 |
---------------+-------------+-----
Ranged Weapons | 3 4 |  4.0
Fighting       | 2 |  2.0
Dodging        | |  1.5
Spellcasting   | |  1.0
Hexes          | |  2.6

Action                     |  1- 3 |  4- 6 || total
---------------------------+-------+-------++-------
   Fire: Sling             |   128 |    17 ||   145
    Use: Scroll            |     8 |       ||     8
         Potion            |     2 |       ||     2
 Armour: Robe              |     4 |       ||     4
         Leather armour    |    12 |     4 ||    16
  Dodge: Dodged            |    34 |     4 ||    38

Table legend:
 A = Non-vault XP
 B = Vault XP
 C = Vault XP percentage of total XP
 D = Non-vault monster count
 E = Vault monster count
 F = Vault count percentage of total count
                 A         B        C        D         E       F
            +---------+---------+-------+---------+---------+-------
      Total |      92 |       7 |   7.1 |      46 |       3 |   6.1
            +---------+---------+-------+---------+---------+-------
        D:1 |      44 |       7 |  13.7 |      27 |       3 |  10.0
        D:2 |      16 |       0 |   0.0 |      10 |       0 |   0.0
        D:3 |      32 |       0 |   0.0 |       9 |       0 |   0.0
            +---------+---------+-------+---------+---------+-------
